 Dungeon Crawl Stone Soup version 0.29-a0-337-g68df138881 (webtiles) character file.

Game seed: 12666470399094116161

58 Jortsu the Covered (level 4, 0/29 HPs)
             Began as a Gargoyle Fighter on Apr 17, 2022.
             Was a Follower of Trog.
             Slain by a gnoll
             ... wielding a +0 flail
              (11 damage)
             ... on level 2 of the Dungeon.
             The game lasted 00:01:38 (1536 turns).

Jortsu the Covered (Gargoyle Fighter)               Turns: 1536, Time: 00:01:38

Health: 0/29       AC: 10    Str: 22    XL:     4   Next: 2%
Magic:  4/4        EV:  9    Int:  8    God:    Trog [*.....]
Gold:   50         SH:  4    Dex:  9    Spells: 3/3 levels left

rFire   . . .      SeeInvis .   a - +1 flail (venom)
rCold   . . .      Faith    .   c - +0 buckler
rNeg    + . .      Spirit   .   b - +0 scale mail
rPois   ∞          Reflect  .   (no helmet)
rElec   +          Harm     .   (no cloak)
rCorr   .          Rampage  .   (no gloves)
Will    .....                   (no boots)
Stlth   ..........              (no amulet)
HPRegen 0.09/turn               (no ring)
MPRegen 0.09/turn               (no ring)

@: no status effects
A: sickness immunity, AC +3, negative energy resistance 1, electricity
resistance, torment resistance 1, petrification resistance
a: Renounce Religion, Berserk


You were on level 2 of the Dungeon.
You worshipped Trog.
Trog was aware of your devotion.
You visited 1 branch of the dungeon, and saw 2 of its levels.

You collected 50 gold pieces.

Inventory:

Hand Weapons
 a - a +1 flail of venom (weapon)
Armour
 b - a +0 scale mail (worn)
 c - a +0 buckler (worn)
Jewellery
 k - a ring of wizardry
Scrolls
 h - a scroll of noise {unknown}
Potions
 d - a potion of might
 e - a potion of resistance {unknown}
 f - a potion of flight {unknown}
 g - 2 potions of curing {unknown}
 i - 2 potions of attraction {unknown}
 j - a potion of haste {unknown}


   Skills:
 + Level 3.7 Fighting
 + Level 2.6 Maces & Flails
 + Level 3.9 Armour
 + Level 0.9 Dodging
 + Level 3.5 Shields


You had 3 spell levels left.
You didn't know any spells.
Your spell library was empty.

Dungeon Overview and Level Annotations

Branches:
Dungeon (2/15)

Altars:
Trog


Innate Abilities, Weirdness & Mutations

You are immune to sickness and miasma.
Your stone body is resilient. (AC +3)
You are immune to poison.
You resist negative energy. (rN+)
You are resistant to electric shocks. (rElec)
You are resistant to unholy torment.
You are immune to petrification.


Message History

The endoplasm moves out of view.
A gnoll comes into view. It is wielding a +0 flail.
Found a cloak.
The gnoll shouts!
You hear a shout!
A hobgoblin comes into view.
The gnoll moves out of view.
You see here a +0 chain mail.
You closely miss the frilled lizard. The gnoll barely misses you.
The frilled lizard bites you but does no damage.
You closely miss the frilled lizard. You block the gnoll's attack.
The frilled lizard bites you but does no damage.
You sock the frilled lizard!
You kill the frilled lizard!
Trog accepts your kill. You block the gnoll's attack.
The gnoll hits you from afar with a +0 spear.
You have reached level 4!
You feel stronger.
Found a potion of might.
The endoplasm freezes you.
You are frozen.
The gnoll hits you from afar with a +0 spear.
You sock the endoplasm!
You kill the endoplasm!
Trog accepts your kill. You block the gnoll's attack.
You barely miss the gnoll. You block the gnoll's attack. x2
You hit the gnoll.
The gnoll is lightly wounded.
The gnoll hits you with a +0 flail! You block the gnoll's attack.
The gnoll hits you with a +0 flail. The gnoll hits you but does no damage.
You closely miss the gnoll.
The gnoll is lightly wounded.
You hear a shout!
The gnoll closely misses you. You block the gnoll's attack.
You hear a shout!
You barely miss the gnoll.
The gnoll is lightly wounded.
The gnoll hits you with a +0 flail!
You die...

##.......###...............#.#
.........+....†#######.###.#.#
.........####..# #.....#.# #
.........####..#############.#
# .....................# ..# #
.........###########.# . #
...####.#####.g.#....##
..######
...'.....†...gg.....?..
........
...####.#####.#@#.##...
........ #.# #.#.# .. .##.#..
#.. ..#.[.....# #....# ##.
...#.......+ ###### .
.J..#.......# #
......#.....!.# #
g.....#.......# # ....#....
###.#.###


You could see 2 gnolls and a hobgoblin.

Vanquished Creatures
  An adder (D:2)
  2 dart slugs
  5 ball pythons
  7 bats
  8 endoplasms
  A giant cockroach (D:2)
  2 goblins (D:1)
  5 hobgoblins
  4 frilled lizards
  5 kobolds
  2 rats (D:1)
42 creatures vanquished.

Notes
Turn   | Place    | Note
-------+----------+-------------------------------------------
     0 | D:1      | Jortsu the Gargoyle Fighter began the quest for the Orb.
     0 | D:1      | Reached XP level 1. HP: 14/14 MP: 1/1
    66 | D:1      | Reached XP level 2. HP: 8/19 MP: 2/2
   646 | D:1      | Reached XP level 3. HP: 18/24 MP: 3/3
  1098 | D:1      | Found a faded altar of an unknown god.
  1102 | D:1      | Prayed at the altar of an unknown god.
  1102 | D:1      | Became a worshipper of Trog the Wrathful
  1102 | D:1      | Reached * piety under Trog
  1528 | D:2      | Reached XP level 4. HP: 28/29 MP: 4/4
  1536 | D:2      | Slain by a gnoll

Illustrated notes

Levels and vault maps discovered:
D:1:      ncdulo_wetmaze, layout_basic, hellmonk_ecumenical_altar_leap_of_faith,
          minmay_indecisive_spiral
D:2:      layout_basic, basic_altar, uniq_natasha

Action                   |  1- 3 |  4- 6 || total
-------------------------+-------+-------++-------
Melee: Flail             |    98 |     5 ||   103
  Use: Scroll            |     4 |       ||     4
Armor: Scale mail        |    54 |     1 ||    55
Dodge: Dodged            |    46 |     1 ||    47
Block: Buckler           |    23 |     5 ||    28

Table legend: (Time is in decaauts)
 A = Elapsed time spent in this place.
 B = Non-inter-level travel time spent in this place.
 C = Inter-level travel time spent in this place.
 D = Time resting spent in this place.
 E = Time spent auto-exploring this place.
 F = Levels seen in this place.
 G = Mean time per level.
                   A        B        C        D        E       F      G
               +--------+--------+--------+--------+--------+-----+--------+
         Total |   1574 |   1562 |     12 |    147 |   1132 |   2 |  787.0 |
       Dungeon |   1574 |   1562 |     12 |    147 |   1132 |   2 |  787.0 |
               +--------+--------+--------+--------+--------+-----+--------+

Top non-repeatable levels by time:
     D:1: 1347 daAuts
     D:2: 227 daAuts
